 Dungeon Crawl Stone Soup version 0.32-a0-613-g40f424ee2b (webtiles) character file.

Game seed: 7433935230706920387

1192 CrazyBamboolord the Trooper (level 8, 0/71 HPs)
             Began as a Minotaur Fighter on Mar 5, 2024.
             Was a Follower of Beogh.
             Slain by Prince Ribbit (5 damage)
             ... on level 5 of the Dungeon.
             The game lasted 00:06:01 (4372 turns).

CrazyBamboolord the Trooper (Minotaur Fighter)      Turns: 4372, Time: 00:06:02

Health: 0/71       AC:  9    Str: 22    XL:     8   Next: 20%
Magic:  9/9        EV:  9    Int:  7    God:    Beogh [*.....]
Gold:   188        SH:  5    Dex: 14    Spells: 7/7 levels left

rFire   + . .        s - +1 flail
rCold   + . .        c - +0 buckler
rNeg    . . .        b - +0 scale mail
rPois   .            (helmet restricted)
rElec   .            (no cloak)
rCorr   .            (no gloves)
SInv    .            p - +0 pair of boots {Fly}
Will    .....        (no amulet) Stlth
                     j - ring of Paranoia {rF+ Int+2 Dex+3}
HPRegen 0.31/turn    t - ring of protection from cold
MPRegen 0.11/turn

%: no passive effects
@: flying
A: horns 2, retaliatory headbutt
a: Renounce Religion


You were on level 5 of the Dungeon.
You worshipped Beogh.
Beogh was aware of your devotion.
You visited 1 branch of the dungeon, and saw 5 of its levels.

You collected 188 gold pieces.

Inventory:

Hand Weapons
 l - a +2 whip of venom
 s - a +1 flail (weapon)
Armour
 b - a +0 scale mail (worn)
 c - a +0 buckler (worn)
 p - a +0 pair of boots of flying (worn)
Jewellery
 j - the ring of Paranoia (left hand) {rF+ Int+2 Dex+3}
   (You found it on level 2 of the Dungeon)

   [ring of protection from fire]

   Int+2:     It affects your intelligence (+2).
   Dex+3:     It affects your dexterity (+3).
   rF+:       It protects you from fire.
 q - a ring of ice
 t - a ring of protection from cold (right hand)
Scrolls
 a - a scroll of vulnerability {unknown}
 e - 3 scrolls of blinking
 g - a scroll of immolation
 i - a scroll of enchant armour {unknown}
 m - a scroll of revelation {unknown}
Potions
 d - a potion of might
 f - 2 potions of mutation
 h - 2 potions of haste
 k - 2 potions of curing {unknown}
 n - a potion of degeneration {unknown}
 o - 2 potions of ambrosia
 r - a potion of attraction {unknown}


   Skills:
 + Level 6.5 Fighting
 + Level 5.8 Maces & Flails
 + Level 6.5 Armour
 + Level 6.5 Shields
 + Level 3.4 Invocations


You had 7 spell levels left.
You didn't know any spells.
Your spell library contained the following spells:

 Spells                   Type           Power      Damage    Failure   Level
 Sandblast                Erth           0%         2d4       80%         1
 Passwall                 Erth           0%         N/A       99%         3
 Stone Arrow              Conj/Erth      0%         3d7       99%         3
 Brom's Barrelling Bould  Conj/Erth      0%         2d3       100%        4


Dungeon Overview and Level Annotations

Branches:
Dungeon (5/15)
 Temple: D:4-7

Altars:
Hepliaklqana
Nemelex Xobeh
The Shining One

Shops:
D:5 =

Annotations:
D:5 Prince Ribbit


Innate Abilities, Weirdness & Mutations

You have a pair of horns on your head.
You reflexively headbutt those who attack you in melee.


Message History

Prince Ribbit is heavily wounded.
Prince Ribbit hits you but does no damage.
You barely miss Prince Ribbit.
Prince Ribbit is heavily wounded.
Prince Ribbit hits you but does no damage.
Prince Ribbit barely misses you.
You hit Prince Ribbit.
Prince Ribbit is severely wounded.
Prince Ribbit barely misses you.
You miss Prince Ribbit.
Prince Ribbit is severely wounded.
Prince Ribbit hops awkwardly around.
Prince Ribbit hits you. You block Prince Ribbit's attack.
You miss Prince Ribbit.
Prince Ribbit is heavily wounded.
Prince Ribbit hits you.
You miss Prince Ribbit.
Prince Ribbit is heavily wounded.
Prince Ribbit hits you! Prince Ribbit barely misses you.
You are too injured to fight recklessly!
You are too injured to fight recklessly!
You are too injured to fight recklessly!
You are too injured to fight recklessly!
You are too injured to fight recklessly!
You are too injured to fight recklessly!
You are too injured to fight recklessly!
You are too injured to fight recklessly!
You are too injured to fight recklessly!
You are too injured to fight recklessly!
You are too injured to fight recklessly!
You closely miss Prince Ribbit.
Prince Ribbit is heavily wounded.
Prince Ribbit hits you!
* * * LOW HITPOINT WARNING * * *
You miss Prince Ribbit.
Prince Ribbit is heavily wounded.
Prince Ribbit hits you!
* * * LOW HITPOINT WARNING * * *
Prince Ribbit hits you.
You die...

# #### ...##
.#..###
############
'##...#
###.F@..(.....
.####.#
#...##########
..###.# #.###
...'..######.#
..##.........#
.##.#######..#
'##.# #..#
.##.#######..####
..##............#


You could see Prince Ribbit.

Vanquished Creatures
  An ogre (D:5)
  A phantom (D:4)
  A centaur (D:4)
  2 scorpions (D:4)
  5 wights (D:5)
  A howler monkey (D:4)
  2 bombardier beetles
  3 orc priests
  2 iguanas
  An orc wizard (D:3)
  Natasha (thrice) (D:2)
  11 gnolls
  3 adders
  4 ribbon worms
  3 dart slugs
  7 orcs
  6 ball pythons
  5 bats
  4 endoplasms
  2 giant cockroaches
  9 goblins
  8 hobgoblins
  10 jackals
  8 kobolds
  2 quokkas
  3 frilled lizards (D:1)
  5 rats
112 creatures vanquished.

Vanquished Creatures (others)
  An orc priest (D:3)
  An orc (D:5)
2 creatures vanquished.

Grand Total: 114 creatures vanquished

Notes
Turn   | Place    | Note
-------+----------+-------------------------------------------
     0 | D:1      | CrazyBamboolord the Minotaur Fighter began the quest for
                  | the Orb.
     0 | D:1      | Reached XP level 1. HP: 19/19 MP: 0/0
    62 | D:1      | Reached XP level 2. HP: 26/27 MP: 1/1
    82 | D:1      | Found a faded altar of an unknown god.
   563 | D:1      | Reached XP level 3. HP: 33/33 MP: 2/2
   655 | D:2      | Reached XP level 4. HP: 13/41 MP: 3/3
   789 | D:2      | Noticed Natasha
   798 | D:2      | Killed Natasha
   831 | D:2      | Noticed Natasha
   839 | D:2      | Killed Natasha
   872 | D:2      | Noticed Natasha
   877 | D:2      | Killed Natasha
   878 | D:2      | Reached XP level 5. HP: 21/47 MP: 4/4
  1112 | D:2      | Identified the ring of Paranoia {rF+ Int+2 Dex+3}
  1213 | D:2      | Found a hazy altar of Hepliaklqana.
  1635 | D:3      | Became a worshipper of Beogh the Shepherd
  1646 | D:3      | Reached skill level 5 in Armour
  1719 | D:3      | Found a sparkling altar of Nemelex Xobeh.
  1759 | D:3      | Reached skill level 5 in Fighting
  1759 | D:3      | Reached skill level 5 in Shields
  1831 | D:3      | You fall into a shaft and drop 1 floor!
  1849 | D:4      | Reached skill level 1 in Invocations
  1849 | D:4      | Reached XP level 6. HP: 56/56 MP: 5/5
  2055 | D:3      | Reached * piety under Beogh
  2173 | D:3      | Found a glowing golden altar of the Shining One.
  2425 | D:4      | Reached XP level 7. HP: 45/61 MP: 7/7
  3092 | D:5      | Entered Level 5 of the Dungeon
  3103 | D:5      | Found Mir Apt's One-of-a-Kind Rings.
  3578 | D:4      | Reached skill level 5 in Maces & Flails
  4100 | D:5      | Reached XP level 8. HP: 59/70 MP: 9/9
  4354 | D:5      | Noticed Prince Ribbit
  4372 | D:5      | Slain by Prince Ribbit

Illustrated notes

Levels and vault maps discovered:
D:1:      matt_arrival_grand_opening, layout_basic,
          dreamdust_ecumenical_altar_angels_and_demons
D:2:      layout_loops_cross, basic_altar, minmay_3d_cube, uniq_natasha
D:3:      layout_rooms, nemelex_diamond_rough_becter,
          mainiacjoe_overflow_alcove_4, grunt_decor_junction
D:4:      layout_basic, hangedman_abyss_or_decor_passed
D:5:      layout_loops_ring, nrook_mini_vaults, nicolae_hexahallways,
          minmay_tree_intersection, nicolae_shop_unique_rings,
          grunt_decor_one_mirror, minmay_misc_feat_iff, uniq_prince_ribbit1

Skill      XL: |  1  2  3  4  5  6  7 |
---------------+----------------------+-----
Fighting       | 4 5 6 |  6.5
Shields        | 4 5 6 |  6.5
Armour         | 4 5 6 |  6.5
Maces & Flails | 3 4 5 |  5.8
Invocations    | 1 2 3 |  3.4

Action                     |  1- 3 |  4- 6 |  7- 9 || total
---------------------------+-------+-------+-------++-------
  Melee: Flail             |    64 |   137 |    46 ||   247
         Headbutt          |     7 |    22 |    20 ||    49
         Whip              |       |       |    60 ||    60
 Invoke: Convert to Beogh  |       |     1 |       ||     1
    Use: Scroll            |       |       |     7 ||     7
 Armour: Scale mail        |    38 |   116 |    81 ||   235
  Dodge: Dodged            |    41 |    65 |    53 ||   159
  Block: Buckler           |    16 |    35 |    31 ||    82

Table legend: (Time is in decaauts)
 A = Elapsed time spent in this place.
 B = Non-inter-level travel time spent in this place.
 C = Inter-level travel time spent in this place.
 D = Time resting spent in this place.
 E = Time spent auto-exploring this place.
 F = Levels seen in this place.
 G = Mean time per level.
                   A        B        C        D        E       F      G
               +--------+--------+--------+--------+--------+-----+--------+
         Total |   4419 |   4281 |    138 |    513 |   2971 |   5 |  883.8 |
       Dungeon |   4419 |   4281 |    138 |    513 |   2971 |   5 |  883.8 |
               +--------+--------+--------+--------+--------+-----+--------+

Top non-repeatable levels by time:
     D:4: 1353 daAuts
     D:2: 976 daAuts
     D:5: 881 daAuts
     D:1: 640 daAuts
     D:3: 566 daAuts
